3AA
VIRGINIA BEACH DEUCES @ CASPER GHOSTS
08/08/2028
 
TOP OF THE 1ST
Virginia Beach Deuces batting - Pitching for Casper Ghosts : RHP Júlio Vázquez
Pitching: RHP Júlio Vázquez
Batting: SHB Leo Szilard 0-0: Called Strike
0-1: Foul Ball, location: 2F
0-2: Ball
1-2: Ball
2-2: Ball
3-2: Foul Ball, location: 2F
3-2: Foul Ball, location: 2F
3-2: Base on Balls
Batting: RHB Júlio Becerra 0-0: Ball
1-0: Called Strike
1-1: Called Strike
1-2: Strikes out looking
Batting: RHB Reg Spiers 0-0: Ball
1-0: Called Strike
1-1: Fly out, F9 (Line Drive, 9)
Batting: LHB Atílio Mansilhas 0-0: Fly out, F9 (Flyball, 9LMF)
Top of the 1st over - 0 run(s), 0 hit(s), 0 error(s), 1 left on base; Virginia Beach 0 - Casper 0
BOTTOM OF THE 1ST
Casper Ghosts batting - Pitching for Virginia Beach Deuces : LHP Miguel López
Pitching: LHP Miguel López
Batting: RHB Burt Babbs 0-0: Foul Ball, location: 2F
0-1: Called Strike
0-2: Strikes out swinging
Batting: RHB Roberto De La Cruz 0-0: Ball
1-0: Ball
2-0: Called Strike
2-1: Swinging Strike
2-2: Strikes out swinging
Batting: RHB Blake Snow 0-0: Ball
1-0: Fly out, F8 (Line Drive, 8LXD)
Bottom of the 1st over - 0 run(s), 0 hit(s), 0 error(s), 0 left on base; Virginia Beach 0 - Casper 0
TOP OF THE 2ND
Virginia Beach Deuces batting - Pitching for Casper Ghosts : RHP Júlio Vázquez
Batting: RHB Andrew Crosby 0-0: Ball
1-0: Swinging Strike
1-1: Ball
2-1: Ball
3-1: Base on Balls
Batting: SHB Carlos Pérez 0-0: Grounds into double play, 4-6-3 (Groundball, 34)
Batting: RHB Jody Lemoine 0-0: Ground out 5-3 (Groundball, 56)
Top of the 2nd over - 0 run(s), 0 hit(s), 0 error(s), 0 left on base; Virginia Beach 0 - Casper 0
BOTTOM OF THE 2ND
Casper Ghosts batting - Pitching for Virginia Beach Deuces : LHP Miguel López
Batting: RHB Jorge Díaz 0-0: Ball
1-0: Ball
2-0: DOUBLE (Line Drive, 8LXD)
Batting: RHB Richard Jost 0-0: Foul Ball, location: 2F
0-1: Ball
1-1: Called Strike
1-2: Ball
2-2: Foul Ball, location: 2F
2-2: Strikes out swinging
Batting: RHB Ron Thomas 0-0: Foul Ball, location: 2F
0-1: Ball
1-1: Foul Ball, location: 2F
1-2: Ball
2-2: Ball
3-2: Ground out 6-3 (Groundball, 6)
Batting: RHB Warner Robinson 0-0: Foul Ball, location: 2F
0-1: Ball
1-1: Called Strike
1-2: Ball
2-2: Ball
3-2: Strikes out swinging
Bottom of the 2nd over - 0 run(s), 1 hit(s), 0 error(s), 1 left on base; Virginia Beach 0 - Casper 0
TOP OF THE 3RD
Virginia Beach Deuces batting - Pitching for Casper Ghosts : RHP Júlio Vázquez
Batting: RHB Harry Freidricks 0-0: Foul Ball, location: 2F
0-1: Ground out 6-3 (Groundball, 6)
Batting: RHB James Hill 0-0: Ball
1-0: Ball
2-0: Swinging Strike
2-1: Foul Ball, location: 2F
2-2: Foul Ball, location: 2F
2-2: Ball
3-2: Ground out 5-3 (Groundball, 5L)
Batting: SHB Leo Szilard 0-0: Called Strike
0-1: Swinging Strike
0-2: Foul Ball, location: 2F
0-2: Foul Ball, location: 2F
0-2: Strikes out swinging
Top of the 3rd over - 0 run(s), 0 hit(s), 0 error(s), 0 left on base; Virginia Beach 0 - Casper 0
BOTTOM OF THE 3RD
Casper Ghosts batting - Pitching for Virginia Beach Deuces : LHP Miguel López
Batting: RHB Manny Maltby 0-0: Ball
1-0: SINGLE (Groundball, 6MD)
Batting: RHB Ron Coffman 0-0: Ball
1-0: Fly out, F7 (Flyball, 7S)
Batting: RHB Burt Babbs 0-0: Ball
1-0: Ball
2-0: Foul Ball, location: 2F
2-1: Called Strike
2-2: Foul Ball, location: 2F
2-2: Fly out, F7 (Flyball, 78D)
Batting: RHB Roberto De La Cruz 0-0: Ball
1-0: Hit by Pitch
Manny Maltby to second
Batting: RHB Blake Snow 0-0: Ball
1-0: Foul Ball, location: 2F
1-1: Foul Ball, location: 2F
1-2: Foul Ball, location: 2F
1-2: SINGLE (Groundball, 56D)
Manny Maltby to third
Roberto De La Cruz to second
Runner from 3rd tries for Home, SAFE, no throw
Batting: RHB Jorge Díaz 0-0: Called Strike
0-1: Ball
1-1: Ball
2-1: Foul Ball, location: 2F
2-2: Ball
3-2: Strikes out swinging
Bottom of the 3rd over - 1 run(s), 2 hit(s), 0 error(s), 2 left on base; Virginia Beach 0 - Casper 1
TOP OF THE 4TH
Virginia Beach Deuces batting - Pitching for Casper Ghosts : RHP Júlio Vázquez
Batting: RHB Júlio Becerra 0-0: Ball
1-0: Swinging Strike
1-1: SINGLE (Groundball, 56D)
Batting: RHB Reg Spiers 0-0: Ball
1-0: Foul Ball, location: 2F
1-1: Ball
2-1: Foul Ball, location: 2F
2-2: Ball
3-2: Ground out 6-3 (Groundball, 6)
Júlio Becerra to second
Batting: LHB Atílio Mansilhas 0-0: Ball
1-0: Ground out 6-3 (Groundball, 6MS)
Júlio Becerra to third
Batting: RHB Andrew Crosby 0-0: SINGLE (Flyball, 78S)
Júlio Becerra scores
Batting: SHB Carlos Pérez 0-0: Ball
1-0: Called Strike
1-1: Ball
Andrew Crosby steals 2nd base
2-1: Foul Ball, location: 2F
2-2: Foul Ball, location: 2F
2-2: Foul Ball, location: 2F
2-2: Strikes out looking
Top of the 4th over - 1 run(s), 2 hit(s), 0 error(s), 1 left on base; Virginia Beach 1 - Casper 1
BOTTOM OF THE 4TH
Casper Ghosts batting - Pitching for Virginia Beach Deuces : LHP Miguel López
Batting: RHB Richard Jost 0-0: Ball
1-0: Foul Ball, location: 2F
1-1: Ball
2-1: Ball
3-1: SINGLE (Line Drive, 5D)
Batting: RHB Ron Thomas 0-0: Ball
Richard Jost is caught stealing 2nd base
1-0: Ball
2-0: Called Strike
2-1: Foul Ball, location: 2F
2-2: Ball
3-2: Foul Ball, location: 2F
3-2: Base on Balls
Batting: RHB Warner Robinson 0-0: Called Strike
0-1: Ball
1-1: Ball
2-1: Foul Ball, location: 2F
2-2: Ball
3-2: Foul Ball, location: 2F
3-2: Foul Ball, location: 2F
3-2: Base on Balls
Ron Thomas to second
Batting: RHB Manny Maltby 0-0: Foul Ball, location: 2F
0-1: Called Strike
0-2: Ball
1-2: 3-RUN HOME RUN (Flyball, 7LD), Distance : 362 ft
Batting: RHB Ron Coffman 0-0: Swinging Strike
0-1: Ball
1-1: Ground out 6-3 (Groundball, 6)
Batting: RHB Burt Babbs 0-0: Called Strike
0-1: Foul Ball, location: 2F
0-2: Foul Ball, location: 2F
0-2: Strikes out swinging
Bottom of the 4th over - 3 run(s), 2 hit(s), 0 error(s), 0 left on base; Virginia Beach 1 - Casper 4
TOP OF THE 5TH
Virginia Beach Deuces batting - Pitching for Casper Ghosts : RHP Júlio Vázquez
Batting: RHB Jody Lemoine 0-0: Ball
1-0: DOUBLE (Line Drive, 8LXD)
Batting: RHB Harry Freidricks 0-0: Called Strike
0-1: Ball
1-1: Fly out, F8 (Flyball, 89M)
Batting: RHB James Hill 0-0: Called Strike
0-1: Ball
1-1: Foul Ball, location: 2F
1-2: Ball
2-2: Ball
3-2: DOUBLE (Line Drive, 7)
Jody Lemoine scores
Batting: SHB Leo Szilard 0-0: Fly out, F7 (Line Drive, 7)
Batting: RHB Júlio Becerra 0-0: Called Strike
0-1: Fly out, F7 (Line Drive, 7)
Top of the 5th over - 1 run(s), 2 hit(s), 0 error(s), 1 left on base; Virginia Beach 2 - Casper 4
BOTTOM OF THE 5TH
Casper Ghosts batting - Pitching for Virginia Beach Deuces : LHP Miguel López
Batting: RHB Roberto De La Cruz 0-0: Ball
1-0: Called Strike
1-1: Foul Ball, location: 2F
1-2: Foul Ball, location: 2F
1-2: Ball
2-2: Reached on error, E3 (Groundball, 34)
Batting: RHB Blake Snow 0-0: Grounds into double play, 1-6-3 (Groundball, P)
Batting: RHB Jorge Díaz 0-0: Foul Ball, location: 2F
0-1: Ball
1-1: Foul Ball, location: 2F
1-2: Strikes out swinging
Bottom of the 5th over - 0 run(s), 0 hit(s), 1 error(s), 0 left on base; Virginia Beach 2 - Casper 4
TOP OF THE 6TH
Virginia Beach Deuces batting - Pitching for Casper Ghosts : RHP Júlio Vázquez
Batting: RHB Reg Spiers 0-0: Called Strike
0-1: Swinging Strike
0-2: Ball
1-2: SINGLE (Flyball, 8RS)
Batting: LHB Atílio Mansilhas 0-0: Ball
1-0: Ball
2-0: Ball
3-0: Fly out, F7 (Flyball, 7)
Batting: RHB Andrew Crosby 0-0: Ball
1-0: Fly out, F9 (Flyball, 9LSF)
Batting: SHB Carlos Pérez 0-0: Called Strike
0-1: Ball
1-1: Ball
2-1: Fly out, F5 (Line Drive, 56)
Top of the 6th over - 0 run(s), 1 hit(s), 0 error(s), 1 left on base; Virginia Beach 2 - Casper 4
BOTTOM OF THE 6TH
Casper Ghosts batting - Pitching for Virginia Beach Deuces : LHP Miguel López
Batting: RHB Richard Jost 0-0: Ball
1-0: Called Strike
1-1: Swinging Strike
1-2: Ball
2-2: Strikes out swinging
Batting: RHB Ron Thomas 0-0: Ball
1-0: Called Strike
1-1: Swinging Strike
1-2: Ball
2-2: SINGLE (Line Drive, 7LM)
Pitching: RHP Manuel Vázquez
Batting: RHB Warner Robinson 0-0: Ball
1-0: Called Strike
1-1: Swinging Strike
1-2: Ground out U3 (Groundball, 34S)
Ron Thomas to second
Batting: RHB Manny Maltby 0-0: Foul Ball, location: 2F
0-1: Foul Ball, location: 2F
0-2: Ground out 5-3 (Groundball, 56)
Bottom of the 6th over - 0 run(s), 1 hit(s), 0 error(s), 1 left on base; Virginia Beach 2 - Casper 4
TOP OF THE 7TH
Virginia Beach Deuces batting - Pitching for Casper Ghosts : RHP Júlio Vázquez
Batting: RHB Jody Lemoine 0-0: Ball
1-0: Ball
2-0: Swinging Strike
2-1: SINGLE (Groundball, 4MD)
Batting: RHB Harry Freidricks 0-0: Ball
Jody Lemoine steals 2nd base
1-0: Called Strike
1-1: Ball
Wild Pitch!
Jody Lemoine to third
2-1: Foul Ball, location: 2F
2-2: Ball
3-2: Ground out 5-3 (Groundball, 56)
Jody Lemoine scores
Batting: RHB James Hill 0-0: Ball
1-0: Called Strike
1-1: Ball
2-1: Fly out, F6 (Popup, 6)
Batting: SHB Leo Szilard 0-0: Fly out, F9 (Flyball, 89S)
Top of the 7th over - 1 run(s), 1 hit(s), 0 error(s), 0 left on base; Virginia Beach 3 - Casper 4
BOTTOM OF THE 7TH
Casper Ghosts batting - Pitching for Virginia Beach Deuces : RHP Manuel Vázquez
Batting: RHB Ron Coffman 0-0: Foul Ball, location: 2F
0-1: Ball
1-1: Ground out 6-3 (Groundball, 6)
Batting: RHB Burt Babbs 0-0: Ball
1-0: Called Strike
1-1: Ball
2-1: Ball
3-1: Base on Balls
Pinch Hitting: LHB Yataro Matsuura 0-0: Ball
Burt Babbs is caught stealing 2nd base
1-0: SINGLE (Groundball, 6D)
Batting: RHB Blake Snow 0-0: Foul Ball, location: 2F
0-1: Fly out, F5 (Line Drive, 5)
Bottom of the 7th over - 0 run(s), 1 hit(s), 0 error(s), 1 left on base; Virginia Beach 3 - Casper 4
TOP OF THE 8TH
Virginia Beach Deuces batting - Pitching for Casper Ghosts : RHP Júlio Vázquez
Now at 3B: Bob Mager
Batting: RHB Júlio Becerra 0-0: Ball
1-0: Foul Ball, location: 2F
1-1: Foul Ball, location: 2F
1-2: Ball
2-2: DOUBLE (Line Drive, 78D)
Pinch Hitting: RHB Luis Jelarde 0-0: Ball
1-0: Called Strike
1-1: Ball
2-1: Fly out, F6 (Popup, 56D)
Batting: LHB Atílio Mansilhas 0-0: Called Strike
0-1: Ball
1-1: Ball
2-1: Called Strike
2-2: Foul Ball, location: 2F
2-2: Foul Ball, location: 2F
2-2: Strikes out swinging
Batting: RHB Andrew Crosby 0-0: Called Strike
0-1: Foul Ball, location: 2F
0-2: Ground out 6-3 (Groundball, 6S)
Top of the 8th over - 0 run(s), 1 hit(s), 0 error(s), 1 left on base; Virginia Beach 3 - Casper 4
BOTTOM OF THE 8TH
Casper Ghosts batting - Pitching for Virginia Beach Deuces : RHP Manuel Vázquez
Now at SS: Rojo Nasution
Batting: RHB Jorge Díaz 0-0: Ball
1-0: Ball
2-0: Called Strike
2-1: Called Strike
2-2: Ball
3-2: Foul Ball, location: 2F
3-2: Base on Balls
Batting: RHB Richard Jost 0-0: Ball
1-0: Ball
2-0: Ball
3-0: Called Strike
3-1: Base on Balls
Jorge Díaz to second
Batting: RHB Ron Thomas 0-0: Ball
1-0: Ball
2-0: Foul Ball, location: 2F
2-1: SINGLE (Groundball, 56D)
Jorge Díaz to third
Richard Jost to second
Runner from 3rd tries for Home, SAFE, no throw
Batting: RHB Warner Robinson 0-0: Bunt missed!
0-1: Sac Bunt - play at third, runner OUT! 5-6
Ron Thomas to second
Batting: RHB Manny Maltby 0-0: Ball
1-0: Called Strike
1-1: Fly out, F9 (Flyball, 9S)
Batting: RHB Ron Coffman 0-0: Ball
1-0: Ball
2-0: Called Strike
2-1: Ball
3-1: Foul Ball, location: 2F
3-2: Base on Balls
Ron Thomas to third
Warner Robinson to second
Batting: RHB Burt Babbs 0-0: Ball
1-0: Reached on error, E6 (Groundball, 6)
Ron Thomas scores
Warner Robinson to third
Ron Coffman to second
Pinch Hitting: LHB Jorge Morín 0-0: Called Strike
0-1: SINGLE (Groundball, 6MD)
Warner Robinson scores
Ron Coffman to third
Burt Babbs to second
Runner from 3rd tries for Home, SAFE, no throw
Pitching: RHP Ronaldo Baghina
Batting: RHB Blake Snow 0-0: Foul Ball, location: 2F
0-1: Ball
1-1: Ball
2-1: Fly out, F7 (Line Drive, 7D)
Bottom of the 8th over - 4 run(s), 2 hit(s), 1 error(s), 2 left on base; Virginia Beach 3 - Casper 8
TOP OF THE 9TH
Virginia Beach Deuces batting - Pitching for Casper Ghosts : RHP Júlio Vázquez
Now at C: Henry Appleby
Now at 2B: Ray Millspaugh
Now at 3B: Juan Hernández
Batting: SHB Carlos Pérez 0-0: Called Strike
0-1: Ball
1-1: Ball
2-1: Reached on error, E6 (Groundball, 6)
Pitching: LHP Tyler Lund
Batting: RHB Jody Lemoine 0-0: Called Strike
0-1: Reached on error, E5 (Groundball, 56)
Carlos Pérez to second
Batting: RHB Harry Freidricks 0-0: Called Strike
0-1: Ball
1-1: Called Strike
1-2: Strikes out swinging
Batting: RHB James Hill 0-0: Called Strike
0-1: Ball
1-1: Swinging Strike
1-2: Ball
2-2: Foul Ball, location: 2F
2-2: Strikes out swinging
Batting: SHB Leo Szilard 0-0: SINGLE (Groundball, 4MD)
Carlos Pérez to third
Jody Lemoine to second
Runner from 3rd tries for Home, throw and OUT!
Top of the 9th over - 0 run(s), 1 hit(s), 2 error(s), 2 left on base; Virginia Beach 3 - Casper 8
Wednesday, August 23rd, 2017 - OOTP Baseball 17.12 Build 75